 Dungeon Crawl Stone Soup version 0.14.1-1-g650416f (webtiles) character file.

407 Indrah22 the Practitioner (level 6, -2/41 HPs)
             Began as an Octopode Healer on May 11, 2014.
             Was a Believer of Elyvilon.
             Slain by an ogre
             ... wielding a +0,+0 giant spiked club
              (22 damage)
             ... on Level 4 of the Dungeon.
             The game lasted 00:22:24 (3503 turns).

Indrah22 the Practitioner (Octopode Healer)         Turns: 3503, Time: 00:22:24

HP  -2/41        AC 10     Str 14      XL: 6   Next: 25%
MP  11/11        EV 12     Int 14      God: Elyvilon [**....]
Gold 130         SH  0     Dex 10      Spells:  0 memorised,  5 levels left

rFire  . . .     SeeInvis .     c - +2 flail (protect)
rCold  . . .     Clarity  .     (no shield)
rNeg   . . .     Conserve .     (helmet restricted)
rPois  .         rCorr    .     (no amulet)
rElec  .         rRot     .     (no ring)
SustAb . .       Spirit   .     (no ring)
rMut   .         Warding  .     (no ring)
Saprov . . .     Stasis   .     (no ring)
MR     .....                    (no ring)
                                (no ring)
                                (no ring)
                                (no ring)

@: very slightly contaminated, hasted, very quick, not resistant to hostile
enchantments, quite stealthy
A: almost no armour, amphibious, 8 rings, constrict 8, rough black scales 1,
camouflage 1, gelatinous body 1
a: Lesser Healing, Lesser Self-Healing, Divine Protection, Purification,
Renounce Religion


You were on level 4 of the Dungeon.
You worshipped Elyvilon.
Elyvilon was pleased with you.
You were hungry.

You visited 1 branch of the dungeon, and saw 4 of its levels.

You collected 130 gold pieces.

Inventory:

Hand weapons
 a - a +2,+2 dagger
 c - a +2,+2 flail of protection (weapon)
 t - a +0,+0 long sword
 v - a +1,+0 spear of piercing
Missiles
 k - 20 stones
 m - 19 sling bullets
 q - 22 darts
 w - a tomahawk (quivered)
 B - 3 needles of sleeping
 H - 7 poisoned needles
Magical devices
 i - a wand of polymorph (0)
Comestibles
 d - 3 bread rations
 f - 3 meat rations
 j - a pear
 u - an apple
 C - 4 rotting chunks of orc flesh
 D - a rotting chunk of goblin flesh
 F - 2 chunks of goblin flesh
 G - a choko
Scrolls
 l - a scroll of blinking {unknown}
 n - a scroll of teleportation
 r - a scroll of enchant weapon II {unknown}
 x - a scroll of amnesia {unknown}
 y - a scroll of fear {unknown}
 A - a scroll of magic mapping {unknown}
 E - a scroll of remove curse
Potions
 b - 3 potions of curing
 e - a potion of agility {unknown}
 g - a potion of brilliance {unknown}
 o - 2 potions of lignification {unknown}
 p - a potion of magic {unknown}
 s - a potion of mutation {unknown}
 z - a potion of berserk rage {unknown}


   Skills:
 + Level 2.7 Fighting
 + Level 1.5 Short Blades
 + Level 0.0 Maces & Flails
 - Level 0.8 Polearms
 + Level 1.5 Throwing
 + Level 3.3 Dodging
 + Level 2.8 Stealth
 + Level 4.3 Invocations


You had 5 spell levels left.
You didn't know any spells.

Dungeon Overview and Level Annotations

Branches:
Dungeon (4/15)
 Temple: D:4-7

Altars:
Dithmenos
Nemelex Xobeh
Sif Muna


Innate Abilities, Weirdness & Mutations

You cannot wear most types of armour.
You are amphibious.
You can wear up to eight rings at the same time.
You can use your tentacles to constrict many enemies at once.
Your skin changes colour to match your surroundings (Stlth).
Your rubbery body absorbs attacks (AC +1).
You are partially covered in rough black scales (AC +4, Dex -1).


Message History

Aim: an ogre, wielding a giant spiked club You throw a tomahawk.
The tomahawk hits the ogre.
The ogre is lightly wounded.
You hit the ogre.
The ogre is lightly wounded.
The ogre hits you with a giant spiked club.
You barely miss the ogre. You squeeze the ogre!
The ogre is heavily wounded.
The ogre hits you with a giant spiked club!
You barely miss the ogre.
The ogre is heavily wounded.
You hit the ogre.
The ogre is heavily wounded.
You are feeling hungry.
The ogre hits you with a giant spiked club!
You sock the ogre!
The ogre is almost dead.
The ogre hits you with a giant spiked club!
Ouch! That really hurt!
You die...

#.# #...........#######+##### #.#
#...........##........... #.#
####............#...........
#.###..'........%...#........<..
##.#...##............#...........
.....####...............>........
##.### #...........##...........
#.# #...........###+######### #.#
########@#### #.# ###O# ..# #.(.#
.## #.### ###### . #.# #......
######'######.......
#........O...........
#............#.. #............#


You could see an ogre.

Vanquished Creatures
  Edmund (D:4)
  Terence (D:2)
  An adder (D:1)
  3 gnolls (D:3)
  A giant mite (D:1)
  A worm (D:2)
  2 oozes
  3 orcs (D:3)
  2 giant cockroaches
  11 hobgoblins
  8 kobolds
  3 bats
  A giant newt (D:1)
  9 goblins
  4 jackals
  5 rats
  A rat skeleton (D:4)
57 creatures vanquished.

Vanquished Creatures (others)
  An orc (D:3)
  A jackal (D:2)
  A goblin (D:3)
3 creatures vanquished.

Grand Total: 60 creatures vanquished

Notes
Turn   | Place    | Note
--------------------------------------------------------------
     0 | D:1      | Indrah22, the Octopode Healer, began the quest for the Orb.
     0 | D:1      | Reached XP level 1. HP: 13/13 MP: 2/2
   327 | D:1      | Reached XP level 2. HP: 18/18 MP: 3/3
   565 | D:1      | Reached XP level 3. HP: 10/24 MP: 2/5
  1216 | D:2      | Gained mutation: You are partially covered in rough black scales (AC +4, Dex -1). [potion of beneficial mutation]
  1220 | D:2      | Found a shadowy altar of Dithmenos.
  1332 | D:2      | Reached skill level 1 in Stealth
  1608 | D:2      | Reached XP level 4. HP: 18/29 MP: 1/7
  1981 | D:2      | Noticed Terence
  2020 | D:2      | Killed Terence
  2093 | D:2      | Reached skill level 1 in Short Blades
  2510 | D:3      | Reached skill level 4 in Invocations
  2589 | D:3      | Reached skill level 1 in Throwing
  2589 | D:3      | Reached XP level 5. HP: 24/34 MP: 9/9
  3256 | D:3      | Found a sparkling altar of Nemelex Xobeh.
  3256 | D:3      | Found a deep blue altar of Sif Muna.
  3415 | D:4      | Noticed Edmund
  3436 | D:4      | Killed Edmund
  3436 | D:4      | Reached XP level 6. HP: 41/41 MP: 11/11
  3483 | D:4      | Noticed an ogre
  3503 | D:4      | Slain by an ogre

Action                   |  1- 3 |  4- 6 || total
-------------------------+-------+-------++-------
Melee: Dagger            |    78 |    79 ||   157
       Unarmed           |     2 |       ||     2
       Spear             |       |    15 ||    15
       Flail             |       |     5 ||     5
Throw: Stone             |    14 |       ||    14
       Dart              |       |    15 ||    15
       Tomahawk          |       |     9 ||     9
Invok: Lesser Healing    |    23 |    18 ||    41
  Use: Potion            |     1 |     4 ||     5
       Scroll            |     1 |     3 ||     4
 Stab: Sleeping          |     1 |     7 ||     8
